 Dungeon Crawl Stone Soup version 0.19-a0-1170-g18f0c96 (webtiles) character file.

41 jacquesderrida the Cudgeler (level 3, 30/30 HPs)
             Began as a Minotaur Warper on Aug 18, 2016.
             Quit the game on level 4 of the Dungeon.
             The game lasted 00:01:55 (707 turns).

jacquesderrida the Cudgeler (Minotaur Warper)        Turns: 707, Time: 00:01:56

Health: 30/30      AC:  3    Str: 15    XL:     3   Next: 32%
Magic:  4/4        EV: 12    Int: 10    God:
Gold:   92         SH:  0    Dex: 10    Spells: 1 memorised, 3 levels left

rFire  . . .     SeeInvis .     a - +0 mace
rCold  . . .     Gourm    .     b - +0 leather armour
rNeg   . . .     Faith    .     (no shield)
rPois  .         Spirit   .     (helmet restricted)
rElec  .         Dismiss  .     (no cloak)
rCorr  .         Reflect  .     (no gloves)
MR     .....     Harm     .     (no boots)
Stlth  ++........               (no amulet)
                                (no ring)
                                i - ring of stealth

@: no status effects
A: retaliatory headbutt, horns 2
a: no special abilities


You were on level 4 of the Dungeon.
You were not hungry.

You visited 1 branch of the dungeon, and saw 4 of its levels.

You collected 92 gold pieces.

Inventory:

Hand Weapons
 a - a +0 mace (weapon)
Missiles
 e - 5 tomahawks of dispersal (quivered)
Armour
 b - a +0 leather armour (worn)
Jewellery
 i - a ring of stealth (left hand)
Scrolls
 d - a scroll of blinking
 h - 2 scrolls of amnesia {unknown}
 j - 3 scrolls of identify {unknown}
 k - a scroll of fog {unknown}
 m - a scroll of immolation {unknown}
 n - a scroll of enchant weapon {unknown}
 o - a scroll of enchant armour {unknown}
Potions
 g - a potion of degeneration {unknown}
 p - a potion of lignification {unknown}
Books
 c - a book of Spatial Translocations

   Spells                             Type                      Level
   a - Apportation                    Translocation                1
   b - Blink                          Translocation                2
   c - Shroud of Golubria             Charms/Translocation         2
   d - Portal Projectile              Translocation                3
   e - Teleport Other                 Translocation                3
   f - Passage of Golubria            Translocation                4
Comestibles
 f - 3 bread rations
 l - 5 fruits
 q - a slice of pizza


   Skills:
 - Level 2.4 Fighting
 + Level 4.6 Maces & Flails
 - Level 1.0 Throwing
 - Level 1.2 Armour
 - Level 2.1 Dodging
 - Level 1.3 Spellcasting
 - Level 2.1 Translocations


You had 3 spell levels left.
You knew the following spells:

 Your Spells              Type           Power        Failure   Level  Hunger
a - Apportation           Tloc           #.........   17%         1    ##.....


Dungeon Overview and Level Annotations

Branches:
Dungeon (4/15)
 Temple: D:4-7

Altars:
Elyvilon
Qazlal

Shops:
D:4 %


Innate Abilities, Weirdness & Mutations

You reflexively headbutt those who attack you in melee.
You have a pair of horns on your head.


Message History

You see here a short sword.
Key pressed, stopping explore.
Unknown command.
(D) Dungeon
Where to? (Enter - D:3, ? - help)
You see here a short sword.
You see here a rapier.
You see here an adder corpse.
There is a stone staircase leading down here.
You climb downwards.
Found an escape hatch in the ceiling.
There is a stone staircase leading up here.
Found Qylia's Food Emporium.
HP restored.
q - a slice of pizza You now have 92 gold pieces (gained 13).
An ogre comes into view. It is wielding a giant club.
The ogre moves out of view.
An adder skeleton comes into view.
Are you sure you want to abandon this character and quit the game? (Confirm with "yes".)

..# ###.###..#####.###....#
..###...................#.#######
.............#####...............
.####.#####...............######
.# #.# ##.#######...........# .#
#.# #.# ####......####.# .# #.#
#.# #.........$....# .# #≈≈
#.####.##O..........# .# ≈≈≈
#....@...............Z .# .∩
######.##..........#.# .#
#.#####...##....# #.# #...# ..#.#
#.# #...# ..#.# #.# ### #.. ##


You could see an ogre.

Vanquished Creatures
  An adder (D:3)
  A dart slug (D:3)
  2 ball pythons (D:3)
  4 bats
  7 goblins
  5 hobgoblins
  A kobold (D:3)
  A quokka (D:2)
  3 rats
25 creatures vanquished.

Notes
Turn   | Place    | Note
-------+----------+-------------------------------------------
     0 | D:1      | jacquesderrida the Minotaur Warper began the quest for the Orb.
     0 | D:1      | Reached XP level 1. HP: 18/18 MP: 1/1
    54 | D:1      | Reached skill level 3 in Maces & Flails
   130 | D:2      | Reached XP level 2. HP: 7/25 MP: 3/3
   335 | D:2      | Found a stormy altar of Qazlal.
   422 | D:3      | Found a white marble altar of Elyvilon.
   446 | D:3      | Reached skill level 4 in Maces & Flails
   483 | D:3      | Reached XP level 3. HP: 22/30 MP: 4/4
   668 | D:4      | Found Qylia's Food Emporium.
   696 | D:4      | Noticed an ogre
   707 | D:4      | Quit the game

Vault maps used:
D:1:      minmay_arrival_solitary_statue, hangedman_decor_points
D:2:      kennysheep_vampire_church, marbit_many_paths, serial_forest,
          infiniplex_forest_clump_large, infiniplex_forest_straight_3,
          infiniplex_forest_lined_corner, infiniplex_forest_clump_curved,
          infiniplex_forest_end_double, infiniplex_forest_clump_curved,
          infiniplex_forest_lined_2, infiniplex_forest_straight_2,
          infiniplex_forest_clump_curved, nicolae_qazlal_eye_of_the_storm
D:3:      wad_lake_hut, nicolae_overflow_hidden_temple, first_bread,
          minmay_misc_feat_enclosed, elyvilon_altar_3
D:4:      serial_shops, nicolae_shop_waterfront, kennysheep_little_box,
          shop_fountains, shop, nicolae_shop_crystal

Skill      XL: |  1  2 |
---------------+-------+-----
Maces & Flails | 3 4 |  4.6
Fighting       | |  2.4
Throwing       | |  1.0
Armour         | |  1.2
Dodging        | |  2.1
Spellcasting   | |  1.3
Translocations | |  2.1

Action                   || total
-------------------------++-------
Melee: Mace              ||    73
       Headbutt          ||     7
 Stab: Sleeping          ||     2
Armor: Leather armour    ||    25
Dodge: Dodged            ||    50
